 Dungeon Crawl Stone Soup version 0.31-a0-702-gf82c85558f (webtiles) character file.

Game seed: 10520379438401030470

169 qw the Shooter (level 5, -3/32 HPs)
             Began as a Gargoyle Hunter on Sept 7, 2023.
             Slain by an ogre
             ... wielding a +0 giant club
              (8 damage)
             ... on level 4 of the Dungeon.
             The game lasted 00:01:00 (2416 turns).

qw the Shooter (Gargoyle Hunter)                    Turns: 2416, Time: 00:01:01

Health: -3/32      AC: 11    Str: 15    XL:     5   Next: 50%
Magic:  5/5        EV: 11    Int: 12    God:
Gold:   175        SH:  0    Dex: 15    Spells: 4/4 levels left

rFire   + . .        Y - +0 shortbow
rCold   . . .        (shield currently unavailable)
rNeg    + . .        e - +0 ring mail
rPois   inf          l - +0 helmet of Nenut {rF+ Will+ Int+3}
rElec   +            c - +0 cloak
rCorr   .            (no gloves)
SInv    .            (no boots)
Will    +....        (no amulet)
Stlth   +            (no ring)
HPRegen 0.25/turn    (no ring)
MPRegen 0.09/turn

%: no passive effects
@: about to teleport
A: sickness immunity, AC +4, negative energy resistance 1, electricity
resistance, torment resistance 1, petrification resistance
a: no special abilities


You were on level 4 of the Dungeon.
You visited 1 branch of the dungeon, and saw 4 of its levels.

You collected 175 gold pieces.


Innate Abilities, Weirdness & Mutations

You are immune to sickness and miasma.
Your stone body is resilient. (AC +4)
You are immune to poison.
You resist negative energy. (rN+)
You are resistant to electric shocks. (rElec)
You are resistant to unholy torment.
You are immune to petrification.


   Skills:
 + Level 3.3 Fighting
 - Level 6.0 Ranged Weapons
 - Level 1.1 Armour
 - Level 1.5 Dodging
 - Level 1.1 Stealth


You had 4 spell levels left.
You didn't know any spells.
Your spell library was empty.

Inventory:

Hand Weapons
 Y - a +0 shortbow (weapon)
Armour
 c - a +0 cloak (worn)
 d - the +0 ring mail of the Hot Ocelot {Str+3}
   (You found it on level 4 of the Dungeon)

   Str+3:     It affects your strength (+3).
 e - a +0 ring mail (worn)
 l - the +0 helmet of Nenut (worn) {rF+ Will+ Int+3}
   (You found it on level 3 of the Dungeon)

   Int+3:     It affects your intelligence (+3).
   rF+:       It protects you from fire.
   Will+:     It increases your willpower.
 m - a +1 pair of boots
Scrolls
 a - a scroll of identify
Potions
 b - a potion of brilliance {unknown}
 f - 2 potions of haste {unknown}
 g - a potion of might {unknown}
 h - 2 potions of curing
 i - 2 potions of heal wounds {unknown}
 j - 2 potions of mutation {unknown}

Dungeon Overview and Level Annotations

Branches:
Dungeon (4/15)
 Temple: D:4-7

Altars:

Shops:
D:3 (

Annotations:
D:4 1 runed translucent door, qw's ghost, amateur GrHu


Message History

The goblin hits you but does no damage. The goblin hits you with a +0 club.
You shoot an arrow. The arrow hits the goblin.
The goblin is heavily wounded.
The goblin hits you with a +0 club.
You shoot an arrow. The arrow hits the goblin.
You kill the goblin!
You start resting.
HP restored.
Items here: %% )) [[.
Items here: %% )).
The bullfrog gives a loud, deep croak!
f - 2 golden potions (gained 1)
The adder hisses angrily.
Qw's ghost turns its malevolent gaze towards you.
Found a stone staircase leading up.
Enter note:
Enter note:
m - a +1 pair of boots An ogre comes into view.
It is wielding a +0 giant club.
The ogre shouts!
There is a stone staircase leading up here.
You shoot an arrow. The arrow hits the ogre!
The ogre is moderately wounded.
You shoot an arrow. The arrow hits the ogre.
The ogre is heavily wounded.
You shoot an arrow. The arrow barely misses the ogre.
The ogre closely misses you.
You shoot an arrow. The arrow barely misses the ogre.
You shoot an arrow. The arrow hits the ogre!
The ogre is severely wounded.
The ogre hits you with a +0 giant club!
Ouch! That really hurt!
You shoot an arrow. The arrow hits the ogre.
The ogre is almost dead.
The ogre hits you with a +0 giant club!
2416 ||| READING scroll of teleportation.
As you read the scroll of teleportation, it crumbles to dust.
You feel strangely unstable. The ogre hits you with a +0 giant club!
You die...

.....)).##.....###..~....~~.....#
.....#.)..#....# #...~~.........#
.....#)##.#.... #....~~........#
.....#.# .#### #.###~~~~~~###.#
.....#)# . ## ##~~~~## ##
.......# . ## ###### .....#)# .#
.....#)### ##.##
.........#######@..##
.##.#..........O....#
#.##+##..###......##
..#FSr#..#.........#
...#rWr#..#.##....#..#
###.#~~~#..#. ######..#
#.#~~~#..# .# ..#~?~#..# .
#~~~#..#


You could see an ogre.

Vanquished Creatures
  Robin (D:4)
  7 adders
  4 dart slugs
  5 orcs (D:3)
  2 bats
  5 endoplasms
  2 giant cockroaches
  15 goblins
  4 hobgoblins
  7 jackals
  6 kobolds
  3 quokkas
  8 ball pythons
  4 frilled lizards
  5 rats
78 creatures vanquished.

Notes
Turn   | Place    | Note
-------+----------+-------------------------------------------
     0 | D:1      | qw the Gargoyle Hunter began the quest for the Orb.
     0 | D:1      | Reached XP level 1. HP: 12/12 MP: 1/1
     0 | D:1      | 0 ||| qw: Version: 0.3-a-76-g4403597
     0 | D:1      | 0 ||| qw: Game counter: 742
     0 | D:1      | 0 ||| qw: Melee chars always use a shield: true
     0 | D:1      | 0 ||| qw: God list: Okawaru
     0 | D:1      | 0 ||| qw: Allow faded altars: false
     0 | D:1      | 0 ||| qw: Do Orc after clearing Dungeon:15 true
     0 | D:1      | 0 ||| qw: Do second Lair branch before Depths: true
     0 | D:1      | 0 ||| qw: Lair rune preference: random
     0 | D:1      | 0 ||| qw: Goals: Normal
     0 | D:1      | 0 ||| PLANNING D:1-11
    91 | D:1      | Reached XP level 2. HP: 17/17 MP: 2/2
   271 | D:1      | Found a faded altar of an unknown god.
   456 | D:1      | 456 ||| UPGRADING to +0 ring mail.
   466 | D:1      | 466 ||| DROPPING +0 leather armour.
   467 | D:1      | 467 ||| READING 2 scrolls labelled RONEIS ETACUVO.
   468 | D:1      | 468 ||| READING scroll labelled ZEDWECWECICK.
   471 | D:1      | 471 ||| READING 2 scrolls labelled BAAFI FABIENTI.
   472 | D:1      | 472 ||| DROPPING scroll of butterflies.
   473 | D:1      | 473 ||| DROPPING scroll of revelation.
   560 | D:2      | Reached skill level 1 in Armour
   560 | D:2      | Reached XP level 3. HP: 21/21 MP: 3/3
   605 | D:2      | Reached skill level 5 in Ranged Weapons
   742 | D:2      | Identified the +3 hand axe "Udom" {drain, *Corrode rF+
                  | Will+ Dex+2}
   964 | D:2      | Reached skill level 3 in Fighting
   964 | D:2      | Reached XP level 4. HP: 28/28 MP: 4/4
  1151 | D:2      | 1151 ||| READING scroll labelled DITUC YKLUDUET.
  1169 | D:2      | 1169 ||| READING scroll labelled TAER QECARESOU.
  1170 | D:2      | 1170 ||| DRINKING 2 viscous inky potions.
  1171 | D:2      | 1171 ||| READING 2 scrolls of identify.
  1171 | D:2      | 1171 ||| IDENTIFYING murky sapphire potion
  1172 | D:2      | 1172 ||| DROPPING potion of berserk rage.
  1198 | D:3      | Found Woitumm's Weapon Boutique.
  1284 | D:3      | 1284 ||| FLEEEEING.
  1285 | D:3      | 1285 ||| FLEEEEING.
  1293 | D:3      | 1293 ||| STAIRDANCE
  1304 | D:2      | 1304 ||| UPGRADING to +0 cloak.
  1309 | D:2      | 1309 ||| READING scroll labelled BAGEAG PEOCO.
  1660 | D:3      | Identified the +0 helmet of Nenut {rF+ Will+ Int+3}
  1738 | D:3      | Reached XP level 5. HP: 32/32 MP: 5/5
  1946 | D:3      | 1946 ||| UPGRADING to +0 helmet of Nenut {rF+ Will+ Int+3}.
  1951 | D:3      | 1951 ||| READING scroll labelled GYUSIM JAMADASM.
  2033 | D:4      | Identified the +0 ring mail of the Hot Ocelot {Str+3}
  2090 | D:4      | HP: 6/32 [scorpion (5)]
  2091 | D:4      | 2091 ||| READING 2 scrolls of teleportation.
  2340 | D:4      | Noticed Robin
  2342 | D:4      | Reached skill level 6 in Ranged Weapons
  2351 | D:4      | Killed Robin
  2386 | D:4      | Found a runed translucent door.
  2392 | D:4      | Noticed qw's ghost (amateur GrHu)
  2409 | D:4      | Noticed an ogre
  2415 | D:4      | HP: 5/32 [ogre/+0 giant club (11)]
  2416 | D:4      | 2416 ||| READING scroll of teleportation.
  2416 | D:4      | Slain by an ogre

Levels and vault maps discovered:
D:1:      ldierk_walled_garden, layout_basic,
          hellmonk_ecumenical_altar_arch_garden
D:2:      layout_loops_ring
D:3:      layout_basic, serial_shops, nicolae_shop_advertising_works
          [nicolae_subvault_shop_adworks], serial_glass, glass_columns_c,
          glass_columns_a, item_on_display_a
D:4:      cheibrodos_helix_gallery, layout_basic, ebering_ghost_sewer_f,
          kennysheep_orc_chapel, uniq_menkaure, uniq_robin

Skill      XL: |  1  2  3  4  5 |
---------------+----------------+-----
Armour         | 1 |  1.1
Ranged Weapons | 5 6 |  6.0
Fighting       | 3 |  3.3
Dodging        | |  1.5
Stealth        | |  1.1

Action                     |  1- 3 |  4- 6 || total
---------------------------+-------+-------++-------
   Fire: Shortbow          |    96 |   139 ||   235
    Use: Scroll            |     3 |     7 ||    10
         Potion            |       |     1 ||     1
 Armour: Leather armour    |     3 |       ||     3
         Ring mail         |    19 |    71 ||    90
  Dodge: Dodged            |    19 |    71 ||    90

Table legend:
 A = Non-vault XP
 B = Vault XP
 C = Vault XP percentage of total XP
 D = Non-vault monster count
 E = Vault monster count
 F = Vault count percentage of total count
                 A         B        C        D         E       F
            +---------+---------+-------+---------+---------+-------
      Total |     204 |      38 |  15.7 |      64 |      14 |  17.9
            +---------+---------+-------+---------+---------+-------
        D:1 |      32 |       0 |   0.0 |      15 |       0 |   0.0
        D:2 |      58 |       0 |   0.0 |      17 |       0 |   0.0
        D:3 |      84 |       0 |   0.0 |      22 |       0 |   0.0
        D:4 |      30 |      38 |  55.9 |      10 |      14 |  58.3
            +---------+---------+-------+---------+---------+-------
